 Dungeon Crawl Stone Soup version 0.22-a0-803-gd6d8abeff0 (webtiles) character file.

62176 PikkenKukken the Pandemonic (level 14, -1/113 HPs)
             Began as a Demonspawn Fighter on July 22, 2018.
             Was a High Priest of Makhleb.
             Slain by an Executioner (4 damage)
             ... on level 2 of the Abyss.
             The game lasted 01:14:16 (22631 turns).

PikkenKukken the Pandemonic (Demonspawn Fighter)   Turns: 22631, Time: 01:14:16

Health: -1/113     AC: 17    Str: 17    XL:     14   Next: 63%
Magic:  0/19       EV:  6    Int: 10    God:    Makhleb [*****.]
Gold:   1147       SH: 12    Dex: 13    Spells: 13/13 levels left

rFire    + . .     SeeInvis +   D - +5 short sword (elec)
rCold    + . .     Gourm    .   c - +1 shield
rNeg     . . .     Faith    +   w - +0 plate armour
rPois    .         Spirit   +   u - +2 hat {SInv}
rElec    .         Reflect  .   r - +0 cloak
rCorr    .         Harm     .   (no gloves)
MR       +....                  (no boots)
Stlth    ..........             C - amulet of faith
HPRegen  0.28/turn              a - +2 ring of protection
MPRegen  0.32/turn              m - ring of protection from fire

@: about to teleport
A: claws 2, thin metallic scales 1, [clumsy 2], cold resistance 1, [deformed
body], [low mp 2], [screaming 2], magic shield, magic regeneration, freezing
cloud immunity
a: Minor Destruction, Lesser Servant of Makhleb, Major Destruction, Greater
Servant of Makhleb, Renounce Religion


You were on level 2 of the Abyss.
You worshipped Makhleb.
Makhleb was extremely pleased with you.
You were not hungry.

You visited 3 branches of the dungeon, and saw 18 of its levels.
You visited the Abyss 1 time.

You collected 1147 gold pieces.

Inventory:

Hand Weapons
 d - a +1 vampiric short sword
 g - a +2 long sword of protection
 D - a +5 short sword of electrocution (weapon)
Armour
 b - a +2 pair of gloves of archery
 c - a +1 shield (worn)
 r - a +0 cloak (worn)
 u - a +2 hat of see invisible (worn)
 w - a +0 plate armour (worn)
Jewellery
 a - a +2 ring of protection (left claw)
 h - an uncursed ring of see invisible
 j - an uncursed ring of stealth
 m - a ring of protection from fire (right claw)
 n - an uncursed amulet of regeneration
 o - an uncursed ring of resist corrosion
 s - an uncursed amulet of magic regeneration {unknown}
 C - an amulet of faith (around neck)
 G - an uncursed ring of fire
Wands
 t - a wand of digging (25)
 F - a wand of iceblast (7)
 N - a wand of random effects (26)
Scrolls
 e - 3 scrolls of teleportation
 v - 3 scrolls of immolation
 y - 6 scrolls of remove curse
 A - 4 scrolls of enchant armour
 E - 2 scrolls of fear
 H - 3 scrolls of identify
 J - a scroll of blinking
Potions
 i - a potion of magic
 k - a potion of heal wounds
 l - 8 potions of curing
 p - a potion of berserk rage
 q - a potion of lignification
 x - 3 potions of brilliance
 z - 2 potions of haste
 B - 3 potions of flight
 I - a potion of invisibility
 K - a potion of mutation
 L - a potion of ambrosia {unknown}
Comestibles
 f - 25 rations
 M - a chunk of flesh


   Skills:
 + Level 11.3 Fighting
 + Level 11.1 Short Blades
 + Level 10.5 Armour
 + Level 4.5 Dodging
 - Level 9.4 Shields
 + Level 13.1 Invocations
 + Level 9.6 Evocations


You had 13 spell levels left.
You didn't know any spells.
Your spell library contained the following spells:

 Spells                   Type           Power        Failure   Level  Hunger
 Fireball                 Conj/Fire      #.........   100%        5    ######.
 Bolt of Fire             Conj/Fire      #.........   100%        6    #######
 Ring of Flames           Chrm/Fire      #.........   100%        7    #######
 Ignite Poison            Fire/Tmut/Pois #.......     100%        3    ####...
 Ignition                 Fire           #.........   100%        8    #######


Dungeon Overview and Level Annotations

Branches:
Dungeon (11/15)            Temple (1/1) D:4            Lair (6/6) D:10
 Shoals (0/4) Lair:4       Spider (0/4) Lair:2        Slime (0/5) Lair:5
    Orc: D:9-12

Altars:
Ashenzari
Elyvilon
Fedhas
Gozag
Hepliaklqana
Kikubaaqudgha
Makhleb
Okawaru
Ru
Sif Muna
Uskayaw
Vehumet
Wu Jian
Zin
The Shining One
Jiyva

Annotations:
D:11 Sonja
Lair:5 exclusion: 4 oklob plants


Innate Abilities, Weirdness & Mutations

You have very sharp fingernails.
You are partially covered in thin metallic scales. (AC +2)
Your flesh is cold resistant. (rC+)
When hurt, damage is shared between your health and your magic reserves.
You regenerate magic rapidly.
You are immune to freezing clouds.
[You are very clumsy. (Dex -4)]
[Armour fits poorly on your strangely shaped body.]
[Your magical capacity is very low. (-20% MP)]
[You sometimes yell uncontrollably at your foes.]


Message History

* * * LOW HITPOINT WARNING * * *
The neqoxec gestures at you.
Something tries to feed on your intellect!
The wretched star pulses with an eldritch light!
You feel clumsy. x2
Your cacodemon twists and deforms.
Your orange demon twists and deforms.
Your orange demon closely misses the Executioner.
The ufetubus disappears in a puff of smoke!
The Executioner hits you!
* * * LOW HITPOINT WARNING * * *
You block the Executioner's attack.
The Executioner hits you but does no damage.
The Executioner hits you!
* * * LOW HITPOINT WARNING * * *
You block the Executioner's attack.
The Executioner hits you but does no damage.
Your cacodemon hits the small abomination but does no damage.
Your cacodemon barely misses the small abomination.
You block the Executioner's attack. The Executioner hits you.
You die...

#.## ........ ..
#....#.#.....+ ...#
#...§#.#.#.###.. #
#..#..##.X4...... . .#
#..#.*#.2..######
#.##.##.#...#x##....# #
##52.#3..5..#....#
#.#*5#.#.##...#1..#.#.#
...#..5..5.#.#5#@....#
#5. ##XX#.. .####...##
3 #.# .... ### ...#
#5#.###§.## .#.3#
##.....## #.##.. *.
......# . #. #. .# ..##
.# .# #.## .# # ...##


You could see an Executioner, a large abomination, a neqoxec, a small
abomination, a friendly cacodemon and a friendly orange demon.

Vanquished Creatures
  Gastronok (Lair:3)
  2 entropy weavers (Lair:6)
  The ghost of Nuubic the Marksminotaur, a journeyman MiBe of Trog (Lair:3)
  A jiangshi (Abyss:2)
  6 hydras
  A catoblepas (Lair:5)
  Erica (D:9)
  3 death yaks
  A two-headed ogre (D:8)
  Urug (D:10)
  A lindwurm (Lair:6)
  An orc knight (D:9)
  Pikel (D:8)
  An ugly thing (D:9)
  5 black mambas
  A shock serpent zombie (Abyss:2)
  A merfolk siren (Lair:4)
  2 torpor snails
  5 elephants
  8 spiny frogs
  10 komodo dragons
  A kobold demonologist (D:9)
  8 rime drakes
  A troll (D:10)
  4 hornets (Lair:6)
  A jumping spider (Lair:2)
  5 polar bears (Lair:6)
  6 blink frogs (Lair:5)
  2 dream sheep (Lair:6)
  10 hippogriffs
  10 spriggans
  Eustachio (D:4)
  A wyvern (D:9)
  A basilisk (Lair:6)
  A wraith (D:10)
  A hungry ghost (D:7)
  51 yaks
  18 soldier ants
  11 water moccasins
  8 porcupines
  5 orc warriors
  3 slaves (D:8)
  2 black bears
  2 ice beasts
  A necrophage (D:9)
  34 wolves
  2 boggarts (Lair:6)
  4 ogres
  6 centaurs
  17 crocodiles
  Blork the orc (D:4)
  18 bullfrogs
  A gnoll sergeant (D:10)
  A scorpion (D:9)
  4 killer bees (D:10)
  A bullfrog zombie (D:6)
  3 crimson imps
  A quasit (Abyss:2)
  An iron imp (Abyss:2)
  5 orc priests
  4 hounds
  A jelly (D:3)
  2 centaur skeletons
  4 iguanas
  Natasha (thrice) (D:4)
  Terence (D:3)
  15 worker ants
  10 orc wizards
  A hound zombie (D:9)
  A worker ant zombie (D:10)
  4 gnolls (D:3)
  A howler monkey skeleton (D:8)
  5 adders
  2 river rats
  2 shadow imps
  3 oozes
  An adder skeleton (D:6)
  An adder zombie (D:8)
  2 worms
  3 dart slugs
  6 leopard geckos
  32 orcs
  4 giant cockroaches
  4 goblins
  10 hobgoblins
  2 jackals (D:1)
  6 quokkas
  5 bats
  5 frilled lizards
  A giant cockroach zombie (D:5)
  8 kobolds
  A leopard gecko zombie (D:7)
  9 rats
  A plant (Lair:6)
467 creatures vanquished.

Vanquished Creatures (collateral kills)
  A jiangshi (Abyss:2)
  Fannar (D:10)
  A hydra (Lair:5)
  A two-headed ogre (D:10)
  A queen ant (Lair:6)
  A vampire mage (Abyss:2)
  2 death yaks (D:10)
  3 thrashing horrors (Abyss:2)
  Nergalle (D:10)
  2 large abominations (Abyss:2)
  An elephant (Lair:5)
  A black mamba (Lair:1)
  2 spiny frogs
  A komodo dragon (Lair:6)
  A tormentor (Abyss:2)
  An efreet (Abyss:2)
  3 blink frogs
  2 raiju (Abyss:2)
  4 spriggans (Lair:6)
  2 basilisks
  3 soldier ants (Lair:6)
  A water moccasin (Lair:1)
  4 porcupines
  An orc warrior (D:10)
  2 black bears (Lair:6)
  A boggart (Lair:6)
  2 wolves (Lair:6)
  A small abomination (Abyss:2)
  A jelly (D:10)
  A scorpion (D:10)
  5 killer bees (D:10)
  4 wights (D:10)
  An orc wizard (D:10)
  6 worker ants
  3 gnolls (D:10)
  A river rat (D:10)
  3 orcs (D:10)
  A quokka (D:10)
  2 fungi
  A plant (Lair:6)
76 creatures vanquished.

Vanquished Creatures (others)
  A jelly (D:9)
  An orc wizard (D:9)
  2 bushes (Lair:6)
  36 fungi
  22 plants
62 creatures vanquished.

Grand Total: 605 creatures vanquished

Notes
Turn   | Place    | Note
-------+----------+-------------------------------------------
     0 | D:1      | PikkenKukken the Demonspawn Fighter began the quest for the Orb.
     0 | D:1      | Reached XP level 1. HP: 18/18 MP: 1/1
   286 | D:1      | Gained mutation: When hurt, damage is shared between your health and your magic reserves. [demonic ancestry]
   286 | D:1      | Reached XP level 2. HP: 16/24 MP: 2/2
   977 | D:1      | Reached XP level 3. HP: 21/29 MP: 3/3
  1888 | D:2      | Gained mutation: You have sharp fingernails. [demonic ancestry]
  1888 | D:2      | Reached XP level 4. HP: 36/36 MP: 4/4
  2006 | D:3      | Noticed Terence
  2040 | D:3      | Killed Terence
  2136 | D:3      | Reached XP level 5. HP: 37/42 MP: 5/5
  3097 | D:4      | Noticed Natasha
  3113 | D:4      | Gained mutation: Your flesh is cold resistant. (rC+) [demonic ancestry]
  3113 | D:4      | Reached XP level 6. HP: 48/48 MP: 4/6
  3117 | D:4      | Killed Natasha
  3282 | D:4      | Noticed Eustachio
  3325 | D:4      | Killed Eustachio
  3343 | D:4      | Found a staircase to the Ecumenical Temple.
  3360 | Temple   | Entered the Ecumenical Temple
  3433 | Temple   | Became a worshipper of Makhleb the Destroyer
  3480 | D:4      | Gained mutation: You are partially covered in thin metallic scales. (AC +2) [demonic ancestry]
  3480 | D:4      | Reached XP level 7. HP: 55/55 MP: 7/7
  3497 | D:4      | Noticed Natasha
  3504 | D:4      | Killed Natasha
  3561 | D:4      | Noticed Blork the orc
  3585 | D:4      | Killed Blork the orc
  3585 | D:4      | Reached skill level 1 in Invocations
  3598 | D:4      | Noticed Natasha
  3603 | D:4      | Killed Natasha
  3692 | D:4      | You fall through a shaft for 3 floors!
  3730 | D:6      | Reached skill level 5 in Fighting
  3776 | D:6      | Reached skill level 2 in Invocations
  3979 | D:6      | Reached XP level 8. HP: 34/63 MP: 1/10
  3985 | D:6      | Reached skill level 3 in Invocations
  4166 | D:6      | Reached skill level 5 in Shields
  4238 | D:6      | Reached * piety under Makhleb
  4238 | D:6      | Reached skill level 5 in Armour
  4268 | D:5      | Entered Level 5 of the Dungeon
  5795 | D:6      | Reached skill level 4 in Invocations
  6112 | D:6      | Reached skill level 5 in Short Blades
  6947 | D:7      | Reached skill level 5 in Invocations
  6947 | D:7      | Gained mutation: You regenerate magic rapidly. [demonic ancestry]
  6947 | D:7      | Reached XP level 9. HP: 70/70 MP: 12/12
  7173 | D:7      | Found a hide-covered altar of Uskayaw.
  7573 | D:8      | Reached skill level 1 in Evocations
  7649 | D:8      | Reached ** piety under Makhleb
  7768 | D:8      | Noticed a two-headed ogre
  7794 | D:8      | Killed a two-headed ogre
  7794 | D:8      | Reached skill level 6 in Invocations
  8195 | D:9      | Noticed Pikel
  8402 | D:8      | Killed Pikel
  8482 | D:9      | Gained mutation: You are immune to freezing clouds. [demonic ancestry]
  8482 | D:9      | Reached XP level 10. HP: 79/79 MP: 13/15
  8660 | D:8      | Reached skill level 7 in Invocations
  9024 | D:9      | Noticed Erica
  9055 | D:9      | Killed Erica
  9440 | D:9      | Noticed a white ugly thing
  9452 | D:9      | Noticed an orc knight
  9460 | D:9      | Killed a white ugly thing
  9463 | D:9      | Noticed an orange demon
  9466 | D:9      | Noticed a rust devil
  9481 | D:9      | Killed an orc knight
  9502 | D:9      | Reached skill level 8 in Invocations
  9708 | D:10     | Entered Level 10 of the Dungeon
  9722 | D:9      | Reached *** piety under Makhleb
  9893 | D:10     | Noticed Urug
  9906 | D:10     | Killed Urug
 10053 | D:10     | Noticed a death yak
 10072 | D:10     | Killed a death yak
 10084 | D:10     | Noticed a death yak
 10087 | D:10     | Noticed a death yak
 10089 | D:10     | Killed a death yak
 10089 | D:10     | Reached XP level 11. HP: 86/86 MP: 17/17
 10099 | D:10     | Killed a death yak
 10099 | D:10     | Reached skill level 5 in Evocations
 10116 | D:10     | Found a staircase to the Lair.
 10547 | D:10     | Noticed a two-headed ogre
 10561 | D:10     | Killed a two-headed ogre
 10612 | D:10     | Noticed Fannar
 10682 | D:10     | Killed Fannar
 10682 | D:10     | Reached skill level 9 in Invocations
 10838 | D:10     | Found Senuploud's Antique Armour Emporium.
 11033 | D:10     | Noticed Nergalle
 11042 | D:10     | Killed Nergalle
 11180 | Lair:1   | Entered Level 1 of the Lair of Beasts
 12868 | Lair:2   | Reached **** piety under Makhleb
 12880 | Lair:2   | Reached XP level 12. HP: 95/95 MP: 16/19
 12896 | Lair:2   | Reached skill level 10 in Invocations
 13324 | Lair:2   | Found a hole to the Spider Nest.
 14047 | Lair:3   | Found a runed door.
 14047 | Lair:3   | Noticed Nuubic's ghost (journeyman MiBe)
 14180 | Lair:3   | Noticed Gastronok
 14194 | Lair:3   | Killed Gastronok
 14554 | Lair:3   | Noticed a six-headed hydra
 14563 | Lair:3   | Killed a six-headed hydra
 15085 | Lair:4   | Found a staircase to the Shoals.
 15509 | Lair:4   | Reached skill level 11 in Invocations
 15684 | Lair:4   | Gained mutation: You have very sharp fingernails. [demonic ancestry]
 15684 | Lair:4   | Reached XP level 13. HP: 99/103 MP: 21/21
 15967 | Lair:4   | Reached ***** piety under Makhleb
 15987 | Lair:5   | Reached skill level 10 in Fighting
 16561 | Lair:5   | Reached skill level 10 in Short Blades
 16813 | Lair:5   | Found a viscous altar of Jiyva.
 16813 | Lair:5   | Found a staircase to the Slime Pits.
 17704 | Lair:6   | Entered Level 6 of the Lair of Beasts
 17823 | Lair:5   | Reached skill level 1 in Dodging
 18296 | Lair:5   | Reached skill level 12 in Invocations
 18405 | Lair:6   | Noticed an entropy weaver
 19072 | Lair:6   | Reached XP level 14. HP: 106/111 MP: 19/23
 19305 | Lair:6   | Reached skill level 10 in Armour
 19452 | Lair:6   | Killed an entropy weaver
 20595 | Lair:6   | Noticed an entropy weaver
 20623 | Lair:6   | Killed an entropy weaver
 21414 | Lair:3   | Killed Nuubic's ghost
 21546 | D:11     | Noticed Sonja
 22256 | D:11     | Cast into level 2 of the Abyss (Sonja)
 22328 | Abyss:2  | Reached skill level 13 in Invocations
 22623 | Abyss:2  | Noticed an Executioner
 22627 | Abyss:2  | Noticed a starcursed mass
 22630 | Abyss:2  | HP: 3/113 [Executioner (8)]
 22631 | Abyss:2  | Slain by an Executioner

Vault maps used:
D:1:      zelgadis_glass_arrival_small, serial_bayou_pond_b
D:2:      minmay_misc_feat_more_columns, minmay_tromino_v2
D:3:      minmay_checkerbox, uniq_terence
D:4:      minmay_temple_entry_hall, uniq_eustachio, uniq_blork_the_orc,
          uniq_natasha
D:5:      first_ration
D:7:      kennysheep_mini_moat
D:9:      minmay_blocky_corners, the_bakery, uniq_erica, uniq_pikel
D:10:     dpeg_lair_monsters, serial_shops, shop_statue, uniq_nergalle,
          uniq_fannar, uniq_urug
D:11:     serial_shops, nicolae_shop_crystal, uniq_sonja
Temple:   minmay_crystal_snake_temple
Lair:1:   pond
Lair:2:   spider_nest_entry_rubble, grunt_megastairs_3,
          infiniplex_staircase_pool, serial_bayou_shore_b
Lair:3:   gammafunk_ghost_grave, uniq_gastronok
Lair:4:   minmay_shoals_entry_lonely_mermaid, lab_entry_generic
Lair:5:   slime_altar_1, st_stairs_6, minmay_holes, serial_bayou_shore_b,
          grunt_megastairs_1, minmay_lair_oklob_chamber
Lair:6:   minmay_lair_end_enchanted_forest, grunt_forest_stairs_basic,
          st_stairs_5, zaba_antful_of_joy

Skill      XL: |  1  2  3  4  5  6  7  8  9 10 11 12 13 14 |
---------------+-------------------------------------------+-----
Short Blades   | 2 3 4 5 6 7 8 9 10 11 | 11.1
Shields        | 3 4 5 6 7 8 9 |  9.4
Armour         | 3 4 5 6 7 8 9 10 | 10.5
Fighting       | 4 5 6 7 8 9 10 11 | 11.3
Invocations    | 2 5 6 8 9 11 12 13 | 13.1
Evocations     | 3 4 6 7 8 9 |  9.6
Dodging        | 2 4 |  4.5

Action                   |  1- 3 |  4- 6 |  7- 9 | 10-12 | 13-15 || total
-------------------------+-------+-------+-------+-------+-------++-------
Melee: Rapier            |   131 |       |   330 |   351 |       ||   812
       Long sword        |     6 |   191 |   281 |       |       ||   478
       Short sword       |       |       |       |   674 |  1134 ||  1808
Invok: Minor Destruction |       |       |     3 |    12 |       ||    15
       Lesser Servant of |       |       |       |    18 |    27 ||    45
       Major Destruction |       |       |       |     2 |     7 ||     9
       Greater Servant o |       |       |       |       |     4 ||     4
Evoke: Wand              |       |       |       |    17 |    13 ||    30
  Use: Scroll            |     5 |     4 |    15 |     6 |     7 ||    37
       Potion            |       |     1 |     6 |     5 |     2 ||    14
 Stab: Invisible         |       |       |       |     5 |       ||     5
       Distracted        |       |       |       |     1 |     3 ||     4
  Eat: Chunk             |     3 |     6 |     9 |    17 |    19 ||    54
       Ration            |       |       |     5 |     2 |     3 ||    10
Armor: Scale mail        |    55 |    15 |       |       |       ||    70
       Chain mail        |       |   121 |    13 |       |       ||   134
       Plate armour      |       |       |   389 |   493 |   586 ||  1468
Dodge: Dodged            |    30 |    35 |    74 |   110 |   206 ||   455
Block: Shield            |    53 |   132 |   338 |   492 |   698 ||  1713
       Rpst.: Long sword |       |    10 |    12 |       |       ||    22

Table legend:
 A = Spawn XP
 B = Non-spawn XP
 C = Spawn XP percentage of total XP
 D = Spawn monster count
 E = Non-spawn monster count
 F = Spawn count percentage of total count
 G = Total turns spent on level
                    A         B        C        D         E        F      G
               +---------+---------+-------+---------+---------+-------+---------
         Total |    4925 |   83899 |   5.5 |      13 |     523 |   2.4 | 22631
               +---------+---------+-------+---------+---------+-------+---------
           D:1 |       0 |      43 |   0.0 |       0 |      21 |   0.0 |  1174
           D:2 |       0 |      71 |   0.0 |       0 |      13 |   0.0 |   824
           D:3 |       0 |     234 |   0.0 |       0 |      31 |   0.0 |  1004
           D:4 |       0 |     600 |   0.0 |       0 |      15 |   0.0 |   880
           D:5 |       0 |     175 |   0.0 |       0 |      13 |   0.0 |  1164
           D:6 |       0 |    1183 |   0.0 |       0 |      25 |   0.0 |  1296
           D:7 |       0 |     761 |   0.0 |       0 |      15 |   0.0 |   882
           D:8 |       0 |    2572 |   0.0 |       0 |      20 |   0.0 |  1196
           D:9 |       0 |    3609 |   0.0 |       0 |      19 |   0.0 |  1309
          D:10 |       0 |    6764 |   0.0 |       0 |      58 |   0.0 |  2139
          D:11 |       0 |     690 |   0.0 |       0 |      10 |   0.0 |   198
        Lair:1 |       0 |    2483 |   0.0 |       0 |      17 |   0.0 |  1066
        Lair:2 |       0 |    6353 |   0.0 |       0 |      32 |   0.0 |  1520
        Lair:3 |       0 |    8548 |   0.0 |       0 |      32 |   0.0 |  1095
        Lair:4 |       0 |    8211 |   0.0 |       0 |      36 |   0.0 |  1369
        Lair:5 |       0 |   16485 |   0.0 |       0 |      55 |   0.0 |  2683
        Lair:6 |       0 |   24367 |   0.0 |       0 |     108 |   0.0 |  2366
       Abyss:2 |    4925 |     750 |  86.8 |      13 |       3 |  81.2 |   375
               +---------+---------+-------+---------+---------+-------+---------
